 Dungeon Crawl Stone Soup version 0.18-a0-1203-gbde16db (webtiles) character file.

37 Oddball22 the Charlatan (level 3, 0/27 HPs)
             Began as a Vine Stalker Artificer on Feb 1, 2016.
             Succumbed to an adder's poison
             ... on level 2 of the Dungeon.
             The game lasted 00:02:29 (846 turns).

Oddball22 the Charlatan (Vine Stalker Artificer)     Turns: 846, Time: 00:02:29

Health: 0/27       AC: 21    Str: 13    XL:     3   Next: 39%
Magic:  1/6        EV:  2    Int: 12    God:
Gold:   84         SH:  0    Dex: 15    Spells: 0 memorised, 2 levels left

rFire  . . .     SeeInvis .     a - +0 short sword
rCold  . . .     Gourm    .     (armour currently unavailable)
rNeg   + + +     Faith    .     (no shield)
rPois  +         Spirit   +     (helmet currently unavailable)
rElec  .         Dismiss  .     (cloak currently unavailable)
rCorr  .         Reflect  .     (gloves currently unavailable)
SustAt .         Harm     .     (boots currently unavailable)
MR     .....     NoTele   +     (no amulet)
Stlth  +.........               (no ring)
                                r - ring of loudness (curse)

@: lethally poisoned (0 -> -11), tree-form, not resistant to hostile
enchantments, very unstealthy
A: (fangs 0), regeneration 1, magic shield, (antimagic bite), no device heal 3,
rot immunity
a: no special abilities


You were on level 2 of the Dungeon.
You were not hungry.
You were a tree.
You visited 1 branch of the dungeon, and saw 2 of its levels.

You collected 84 gold pieces.

Inventory:

Hand Weapons
 a - a +0 short sword (weapon)
Armour
 b - a +0 leather armour (melded)
Jewellery
 r - a cursed ring of loudness (left branch)
Wands
 c - a wand of flame (15/48)
 d - a wand of enslavement (15/24)
 e - a wand of random effects (15/48)
Scrolls
 i - a scroll of recharging {unknown}
 k - a scroll of fear {unknown}
 m - 2 scrolls of identify {unknown}
 n - a scroll of enchant armour {unknown}
 q - a scroll of amnesia {unknown}
 s - a scroll of immolation {unknown}
 t - a scroll of teleportation {unknown}
 u - a scroll of remove curse {unknown}
Potions
 g - a potion of agility {unknown}
 j - 2 potions of lignification
 o - a potion of might {unknown}
 p - a potion of heal wounds {unknown}
Comestibles
 f - a bread ration
 h - 6 chunks of flesh
 l - a meat ration


   Skills:
 + Level 1.6 Fighting
 * Level 2.4 Short Blades
 - Level 1.6 Dodging
 - Level 1.2 Stealth
 - Level 2.6 Evocations


You had 2 spell levels left.
You didn't know any spells.

Dungeon Overview and Level Annotations

Branches:
Dungeon (2/15)

Altars:
Cheibriados


Innate Abilities, Weirdness & Mutations

((You have extremely sharp teeth.))
Your natural rate of healing is unusually fast.
When hurt, damage is shared between your health and your magic reserves.
((Your bite disrupts and absorbs the magic of your enemies.))
Potions and wands cannot restore your health.
You are immune to rotting.


Message History

You are lethally poisoned!
The adder poisons you!
You barely miss the adder.
The adder is moderately wounded.
* * * LOW HITPOINT WARNING * * *
You feel sick. The adder closely misses you.
You hit the adder.
The adder is severely wounded.
* * * LOW HITPOINT WARNING * * *
You feel sick. The adder bites you.
* * * LOW HITPOINT WARNING * * *
The adder bites you.
* * * LOW HITPOINT WARNING * * *
You are more poisoned.
The adder poisons you!
Drink which item? (? for menu, Esc to quit)
It was a potion of lignification.
You turn into a tree.
Your +0 leather armour melds into your body.
Your roots penetrate the ground.
You die...

.........########......
###.####..........#....
#. #########......>
#.##### ######..##....
#.....# #......##.....
#.....# #.########.#.#
#.....###.# #####
###....S##..#
.......♣#..##
.#..#.....## ..?..#####
.....> ..... ..... .##.
..


You could see an adder.

Vanquished Creatures
  An ooze (D:1)
  2 worms (D:2)
  A ball python (D:1)
  A bat (D:1)
  2 giant cockroaches
  3 goblins
  4 hobgoblins
  7 kobolds
  2 giant newts
  2 rats (D:1)
25 creatures vanquished.

Notes
Turn   | Place    | Note
--------------------------------------------------------------
     0 | D:1      | Oddball22 the Vine Stalker Artificer began the quest for the Orb.
     0 | D:1      | Reached XP level 1. HP: 9/9 MP: 3/3
    23 | D:1      | Reached skill level 1 in Short Blades
    27 | D:1      | Reached skill level 1 in Fighting
   153 | D:1      | Reached XP level 2. HP: 14/14 MP: 5/5
   658 | D:2      | Reached XP level 3. HP: 18/18 MP: 6/6
   719 | D:2      | Found a snail-covered altar of Cheibriados.
   846 | D:2      | Succumbed to an adder's poison

Vault maps used:
D:1:      saegor_arrival_simple_a
D:2:      nicolae_ru_the_path_less_chosen, minitemple, cheibriados_altar_1,
          st_stairs_4

Action                   || total
-------------------------++-------
Melee: Short sword       ||   104
  Use: Potion            ||     1
 Stab: Sleeping          ||     2
